Workbook
Name _12__Excel_BuiltIn_Print_Area_2: #REF!
Name _15_Excel_BuiltIn_Print_Area_2: #REF!
Name _3_____Excel_BuiltIn_Print_Area_2: #REF!
Name _6____Excel_BuiltIn_Print_Area_2: #REF!
Name _9___Excel_BuiltIn_Print_Area_2: #REF!
Name _az: #REF!
Name _CAL2: #REF!
Name _Fill: #REF!
Name _GEO1600: #REF!
Name _GEO1600: #REF!
Name _IPC2002: #REF!
Name _PJ50: #REF!
Name _R1_: #REF!
Name _REF37: #REF!
Name _REF60: #REF!
Name _REF60: #REF!
Name _VA1: #REF!
Name _VA2: #REF!
Name _VA21: #REF!
Name A: #REF!
Name A_impresión_IM: #REF!
Name A_nuevo: #REF!
Name AA: #REF!
Name AAa: #REF!
Name aaaa: #REF!
Name abc: #REF!
Name Adm: #REF!
Name AfEaefAEF: #REF!
Name AGUA: #REF!
Name AGUA: #REF!
Name AIU: #REF!
Name AJBHJU12: #REF!
Name ALAMB: #REF!
Name ALAMB: #REF!
Name ALFAJ: #REF!
Name ANA: #REF!
Name ANDAM: #REF!
Name ANDAM: #REF!
Name ANDEN: #REF!
Name ANDRES: #REF!
Name ANTISB: #REF!
Name ANTISB: #REF!
Name aqw: #REF!
Name AREAS_PISOS: #REF!
Name ARENA: #REF!
Name ARENA: #REF!
Name asaws: #REF!
Name auto1: #REF!
Name auto2: #REF!
Name auto5: #REF!
Name AUX_TRANS: 200000
Name az: #REF!
Name B: #REF!
Name BALAST: #REF!
Name BALAST: #REF!
Name BASBOX: #REF!
Name Base: #REF!
Name bb: #REF!
Name bbbbb: #REF!
Name bI: #REF!

Sheet PRESUPUESTO
A1: ALCALDÍA DE FLORIDA
A2: PROYECTO: ADECUACION DE BAÑOS EN CENTRO EDUCATIVO INTEGRAL DEL MUNICIPIO DE FLORIDA, VALLE DEL CAUCA.
B3: Elaboró: Arq. Adrián Vélez | C3: PRESUPUESTO
C4: FECHA: | E4: =TODAY() -> 46302
A5: ACTIVIDAD | C5: UND | D5: CANT | E5: VR UNITARIO | F5: VALOR TOTAL
A6: 1 | B6: PRELIMINARES
A7: 1.01 | B7: =APU´S!A7 -> LOCALIZACION-REPLANTEO CERRAMIENTO-VARIO | C7: M2 | D7: ='M.C.'!G23 -> 28.914 | E7: =APU´S!F31 -> 3044 | F7: =ROUND(D7*E7,0) -> 88014
A8: 1.02 | B8: =APU´S!A34 -> DEMOLICION PISO ENCHAPE-BALDOSA+MORTERO | C8: M2 | D8: ='M.C.'!G51 -> 19.671 | E8: =APU´S!F57 -> 11070 | F8: =ROUND(D8*E8,0) -> 217758
A9: 1.03 | B9: =APU´S!A60 -> DESMONTE APARATO SANITARIO | C9: UND | D9: ='M.C.'!G78 -> 10 | E9: =APU´S!F83 -> 53312 | F9: =ROUND(D9*E9,0) -> 533120
A10: 1.04 | B10: =APU´S!A86 -> DESMONTE CUBIERTA TEJA BARRO | C10: =APU´S!E86 -> M2 | D10: ='M.C.'!I90 -> 15.3 | E10: =APU´S!F109 -> 24997 | F10: =ROUND(D10*E10,0) -> 382454
A11: 1.05 | B11: =APU´S!A112 -> DESMONTE TUBERIA DESAGUE PVC-HF-XX D=2-4 | C11: =APU´S!E112 -> M | D11: ='M.C.'!I113 -> 15.2 | E11: =APU´S!F135 -> 13261 | F11: =ROUND(D11*E11,0) -> 201567
A12: 1.06 | B12: =APU´S!A138 -> CARGUE Y RETIRO MATERIAL VOLQUETA <= 10 KM. | C12: =APU´S!E138 -> M3 | D12: ='M.C.'!I136 -> 1.86855 | E12: =APU´S!F161 -> 32617 | F12: =ROUND(D12*E12,0) -> 60946
B13: SUBTOTAL PRELIMINARES | F13: =SUM(F7:F12) -> 1483859
A14: 2 | B14: INSTALACIONES SANITARIAS E HIDRAULICAS
A15: 2.01 | B15: =APU´S!A164 -> TUBERIA PVC 6" SANITARIA | C15: =APU´S!E164 -> M | D15: ='M.C.'!G174 -> 14 | E15: =APU´S!F188 -> 91350 | F15: =ROUND((D15*E15),0) -> 1278900
A16: 2.02 | B16: =APU´S!A217 -> PUNTO SANITARIO PVC 4" | C16: =APU´S!E217 -> PUNTO | D16: ='M.C.'!G201 -> 4 | E16: =APU´S!F242 -> 114071 | F16: =ROUND((D16*E16),0) -> 456284
A17: 2.03 | B17: =APU´S!A245 -> PUNTO SANITARIO PVC 2" [L]" | C17: =APU´S!E245 -> PUNTO | D17: ='M.C.'!I213 -> 6 | E17: =APU´S!F271 -> 64783 | F17: =ROUND((D17*E17),0) -> 388698
A18: 2.04 | B18: =APU´S!A274 -> TUBERIA PVC 4" SANITARIA | C18: =APU´S!E274 -> M | D18: ='M.C.'!I239 -> 6 | E18: =APU´S!F298 -> 48029 | F18: =ROUND((D18*E18),0) -> 288174
A19: 2.05 | B19: =APU´S!A301 -> TUBERIA PVC 2" SANITARIA | C19: =APU´S!E301 -> M | D19: ='M.C.'!I265 -> 6 | E19: =APU´S!F325 -> 29013 | F19: =ROUND((D19*E19),0) -> 174078
A20: 2.06 | B20: =APU´S!A328 -> TUBERIA PVC ,1/2" | C20: =APU´S!E328 -> M | D20: ='M.C.'!I287 -> 21.2 | E20: =APU´S!F352 -> 8223 | F20: =ROUND((D20*E20),0) -> 174328
A21: 2.07 | B21: =APU´S!A355 -> PUNTO AGUA FRIA PVC 1/2" | C21: =APU´S!E355 -> PUNTO | D21: ='M.C.'!I314 -> 14 | E21: =APU´S!F384 -> 75054 | F21: =ROUND((D21*E21),0) -> 1050756
A22: 2.09 | B22: =APU´S!A519 -> SANITARIO LINEA ECONOMICA | C22: =APU´S!E519 -> JUEGO | D22: ='M.C.'!I340 -> 2 | E22: =APU´S!F543 -> 425529 | F22: =ROUND((D22*E22),0) -> 851058
A23: 2.1 | B23: =APU´S!A546 -> LAVAMANOS SOBREPONER MEZC.LINEA MEDIA | C23: =APU´S!E546 -> UND | D23: ='M.C.'!I364 -> 3 | E23: =APU´S!F570 -> 324097 | F23: =ROUND((D23*E23),0) -> 972291
A24: 2.11 | B24: =APU´S!A573 -> ORINAL MEDIANO PARA FLUXOMETRO | C24: =APU´S!E573 -> UND | D24: ='M.C.'!I388 -> 2 | E24: =APU´S!F597 -> 415455 | F24: =ROUND((D24*E24),0) -> 830910
B25: SUBTOTAL SANITARIAS E HIDRAULICAS | F25: =SUM(F15:F24) -> 6465477
A26: 3 | B26: INSTALACIONES ELECTRICAS
A27: 3.01 | B27: =APU´S!A600 -> BALA PANEL LED 18W | C27: =APU´S!E600 -> UND | D27: ='M.C.'!G427 -> 13 | E27: =APU´S!F623 -> 51973 | F27: =ROUND((D27*E27),0) -> 675649
A28: 3.02 | B28: =APU´S!A626 -> TUBERIA EMT 3/4" | C28: M2 | D28: ='M.C.'!I439 -> 13 | E28: =APU´S!F650 -> 37266 | F28: =ROUND((D28*E28),0) -> 484458
A29: 3.03 | B29: =APU´S!A653 -> CABLE COBRE HF-ZH# 12 | C29: UND | D29: ='M.C.'!I463 -> 150 | E29: =APU´S!F677 -> 5320 | F29: =ROUND((D29*E29),0) -> 798000
B30: SUBTOTAL INSTALACIONES ELÉCTRICAS | F30: =SUM(F27:F29) -> 1958107
A31: 4 | B31: ACABADOS
A32: 4.01 | B32: =APU´S!A681 -> ENCHAPE CERAMICA 20.1-25.0X40.0-45.0CM | C32: =APU´S!E681 -> M2 | D32: ='M.C.'!I488 -> 23.639 | E32: =APU´S!F707 -> 101760 | F32: =ROUND((D32*E32),0) -> 2405505
A33: 4.02 | B33: =APU´S!A710 -> PERFIL ABIERTO AG C120x 60mm -1.2MM C.18 | C33: =APU´S!E710 -> M | D33: ='M.C.'!I514 -> 17.85 | E33: =APU´S!F739 -> 53992.117 | F33: =ROUND((D33*E33),0) -> 963759
A34: 4.03 | B34: =APU´S!A742 -> TEJA AJOVER TRAPEZOIDAL COLOR .27MM | C34: =APU´S!E742 -> M2 | D34: ='M.C.'!I537 -> 15.3 | E34: =APU´S!F768 -> 75701 | F34: =ROUND((D34*E34),0) -> 1158225
A35: 4.04 | B35: =APU´S!A771 -> CANAL RAINGO PVC AGUAS LLUVIAS | C35: =APU´S!E771 -> M | D35: ='M.C.'!I560 -> 2.55 | E35: =APU´S!F797 -> 47396 | F35: =ROUND((D35*E35),0) -> 120860
A36: 4.05 | B36: =APU´S!A800 -> BAJANTE AGUAS LLUVIAS PVC 3" | C36: =APU´S!E800 -> M | D36: ='M.C.'!I583 -> 3.904 | E36: =APU´S!F826 -> 25103 | F36: =ROUND((D36*E36),0) -> 98002
A37: 4.06 | B37: =APU´S!A829 -> ESTUCO PLASTICO MURO [PASTA] | C37: =APU´S!E829 -> M2 | D37: ='M.C.'!I606 -> 28.073 | E37: =APU´S!F854 -> 18994 | F37: =ROUND((D37*E37),0) -> 533219
A38: 4.07 | B38: =APU´S!A857 -> VINILO MURO TIPO 1 [3M] | C38: =APU´S!E857 -> M2 | D38: ='M.C.'!I625 -> 78.85 | E38: =APU´S!F883 -> 17816 | F38: =ROUND((D38*E38),0) -> 1404792
A39: 4.08 | B39: =APU´S!A914 -> MARCO LAMINA 0.70-1.0 M CAL.20 LISO S/LUCE | C39: =APU´S!E914 -> UND | D39: ='M.C.'!I648 -> 1 | E39: =APU´S!F941 -> 156108 | F39: =ROUND((D39*E39),0) -> 156108
A40: 4.09 | B40: =APU´S!A886 -> NAVE LAMINA ENTAMBORADA CAL.20 BAT. | C40: =APU´S!E886 -> M2 | D40: ='M.C.'!I671 -> 2.2 | E40: =APU´S!F911 -> 350148 | F40: =ROUND((D40*E40),0) -> 770326
B41: SUBTOTAL ACABADOS | F41: =SUM(F32:F40) -> 7610796
A43: TOTAL COSTOS DIRECTOS | F43: =+F13+F25+F30+F41 -> 17518239
A44: ADMINISTRACION | D44: % | E44: 0.3 | F44: =ROUND(F43*E44,0) -> 5255472
A45: IMPREVISTOS | D45: % | E45: 0.01 | F45: =ROUND(F43*E45,0) -> 175182
A46: UTILIDAD | D46: % | E46: 0.06 | F46: =ROUND(F43*E46,0) -> 1051094
A47: IVA (19%) SOBRE LA UTILIDAD | D47: % | E47: 0 | F47: 0
A48: TOTAL COSTOS INDIRECTOS | F48: =SUM(F44:F47) -> 6481748
A50: TOTAL COSTOS DIRECTOS + INDIRECTOS | F50: =ROUND((F43+F48),2) -> 23999987
A52: VALOR TOTAL | F52: =SUM(F50:F51) -> 23999987
B59: MAURICIO FERNÁNDEZ HERNÁNDEZ
B60: Secretario de Planeación e Infraestructura

Sheet APU´S
A1: ALCALDÍA DE FLORIDA
A2: =PRESUPUESTO!A2 -> PROYECTO: ADECUACION DE BAÑOS EN CENTRO EDUCATIVO INTEGRAL DEL MUNICIPIO DE FLORIDA, VALLE DEL CAUCA.
C3: ANALISIS DE PRECIOS UNITARIOS
C4: =PRESUPUESTO!C4 -> FECHA: | E4: =PRESUPUESTO!E4 -> 46302
A6: DESCRIPCION | D6: ITEM | E6: UND. ITEM | F6: CANT. ITEM
A7: LOCALIZACION-REPLANTEO CERRAMIENTO-VARIO | E7: M2
A9: MATERIALES | B9: UNIDAD | C9: CANT. / M | D9: % DESPERD. | E9: PRECIO UNIT. | F9: VALOR UNITARIO
A10: PIOLA GRUESA 50 METROS | B10: ROLLO | C10: 0.01 | D10: 0 | E10: 3679 | F10: =C10*E10 -> 36.79
A11: PUNTILLA CON CABEZA 2" | B11: LB | C11: 0.01 | D11: 0 | E11: 5191 | F11: =C11*E11 -> 51.91
A12: LISTON OTOBO 2" X 2" X 300 CM | B12: UND | C12: 0.05 | D12: 0 | E12: 7951 | F12: =C12*E12 -> 397.55
F13: =C13*E13 -> 0
E15: SUBTOTAL MATERIALES | F15: =SUM(F10:F13) -> 486.25
A17: MANO DE OBRA | B17: JORNAL | C17: F.PREST. | D17: JORNAL+PS | E17: REND. M / DIA | F17: VR. UNIT
A18: M.O. 2 AYUDANTES + 1 OFICIAL | B18: 526060 | C18: 1.8 | D18: =B18 -> 526060 | E18: 533.33 | F18: =D18/E18 -> 986.36866
A19: M.O. TOPOGRAFIA 1 CADENERO + 1 TOPOG. | B19: 760641 | C19: 1.58 | D19: =B19 -> 760641 | E19: 533.33 | F19: =D19/E19 -> 1426.2108
E20: SUBTOTAL MANO DE OBRA | F20: =SUM(F18:F19) -> 2412.5795
A22: EQUIPO | B22: REF. | C22: UNIDAD | D22: CANTIDAD | E22: TARIIFA | F22: VALOR UNITARIO
A23: HERRAMIENTA MENOR | C23: GBL | D23: 0.06 | E23: =F20 -> 2412.5795 | F23: =D23*E23 -> 144.75477
E25: SUBTOTAL EQUIPO | F25: =SUM(F23:F24) -> 144.75477
A27: TRANSPORTES | B27: Cantidad | C27: Distancia | D27: Cant. x Dist. | E27: TARIIFA | F27: VALOR UNITARIO
E29: SUBTOTAL TRANSPORTES | F29: 0
D31: COSTO DIRECTO | F31: =ROUND(F15+F20+F25,0) -> 3044
A33: DESCRIPCION | D33: ITEM | E33: UND. ITEM | F33: CANT. ITEM
A34: DEMOLICION PISO ENCHAPE-BALDOSA+MORTERO | E34: M2
A36: MATERIALES | B36: UNIDAD | C36: CANT. / M2 | D36: % DESPERD. | E36: PRECIO UNIT. | F36: VALOR UNITARIO
F37: =C37*E37 -> 0
F38: =C38*E38 -> 0
E40: SUBTOTAL MATERIALES | F40: =SUM(F37:F39) -> 0
A42: MANO DE OBRA | B42: JORNAL | C42: F.PREST. | D42: JORNAL+PS | E42: REND. M2 / DIA | F42: VR. UNIT
A43: M.O. 1 AYUDANTE | B43: 142178 | C43: 1.8 | D43: =B43 -> 142178 | E43: 14.54 | F43: =D43/E43 -> 9778.4044
E46: SUBTOTAL MANO DE OBRA | F46: =SUM(F43:F45) -> 9778.4044
A48: EQUIPO | B48: REF. | C48: UNIDAD | D48: CANTIDAD | E48: TARIIFA | F48: VALOR UNITARIO
A49: HERRAMIENTA MENOR | C49: GBL | D49: 0.07 | E49: =F46 -> 9778.4044 | F49: =D49*E49 -> 684.48831
A50: ROTOMARTILLO 8-10 JLS | C50: DIA | D50: 0.01 | E50: 60701 | F50: =D50*E50 -> 607.01
E51: SUBTOTAL EQUIPO | F51: =SUM(F49:F50) -> 1291.4983
A53: TRANSPORTES | B53: Cantidad | C53: Distancia | D53: Cant. x Dist. | E53: TARIIFA | F53: VALOR UNITARIO
E55: SUBTOTAL TRANSPORTES | F55: 0
D57: COSTO DIRECTO | F57: =ROUND(F46+F51,0) -> 11070
A59: DESCRIPCION | D59: ITEM | E59: UND. ITEM | F59: CANT. ITEM
A60: DESMONTE APARATO SANITARIO | E60: UND. ITEM
A62: MATERIALES | B62: UNIDAD | C62: CANT. / M2 | D62: % DESPERD. | E62: PRECIO UNIT. | F62: VALOR UNITARIO
F63: =C63*E63 -> 0
F64: =C64*E64 -> 0
E66: SUBTOTAL MATERIALES | F66: =SUM(F63:F65) -> 0
A68: MANO DE OBRA | B68: JORNAL | C68: F.PREST. | D68: JORNAL+PS | E68: REND. M2 / DIA | F68: VR. UNIT
A69: M.O. HIDROSANIT. 1 AYUDANTE + 1 OFICIAL | B69: 422271 | C69: 1.8 | D69: =B69 -> 422271 | E69: 8 | F69: =D69/E69 -> 52783.875
E72: SUBTOTAL MANO DE OBRA | F72: =SUM(F69:F71) -> 52783.875
A74: EQUIPO | B74: REF. | C74: UNIDAD | D74: CANTIDAD | E74: TARIIFA | F74: VALOR UNITARIO
A75: HERRAMIENTA MENOR | C75: GBL | D75: 0.01 | E75: =F72 -> 52783.875 | F75: =D75*E75 -> 527.83875
E77: SUBTOTAL EQUIPO | F77: =SUM(F75:F76) -> 527.83875
A79: TRANSPORTES | B79: Cantidad | C79: Distancia | D79: Cant. x Dist. | E79: TARIIFA | F79: VALOR UNITARIO
E81: SUBTOTAL TRANSPORTES | F81: 0
D83: COSTO DIRECTO | F83: =ROUND(F72+F77,0) -> 53312
A85: DESCRIPCION | D85: ITEM | E85: UND. ITEM | F85: CANT. ITEM
A86: DESMONTE CUBIERTA TEJA BARRO | E86: M2
A88: MATERIALES | B88: UNIDAD | C88: CANT. / M2 | D88: % DESPERD. | E88: PRECIO UNIT. | F88: VALOR UNITARIO
F89: =C89*E89 -> 0
F90: =C90*E90 -> 0
E92: SUBTOTAL MATERIALES | F92: =SUM(F89:F91) -> 0
A94: MANO DE OBRA | B94: JORNAL | C94: F.PREST. | D94: JORNAL+PS | E94: REND. M2 / DIA | F94: VR. UNIT
A95: M.O. 2 AYUDANTES + 1 OFICIAL | B95: 526060 | C95: 1.8 | D95: =B95 -> 526060 | E95: 22.85 | F95: =D95/E95 -> 23022.319
E98: SUBTOTAL MANO DE OBRA | F98: =SUM(F95:F97) -> 23022.319
A100: EQUIPO | B100: REF. | C100: UNIDAD | D100: CANTIDAD | E100: TARIIFA | F100: VALOR UNITARIO
A101: ANDAMIO METALICO CERTIFICADO ALTURAS | C101: UND | D101: 0.1 | E101: 17441 | F101: =D101*E101 -> 1744.1
A102: HERRAMIENTA MENOR | C102: GBL | D102: 0.01 | E102: 23022.31 | F102: =D102*E102 -> 230.2231
E103: SUBTOTAL EQUIPO | F103: =SUM(F101:F102) -> 1974.3231
A105: TRANSPORTES | B105: Cantidad | C105: Distancia | D105: Cant. x Dist. | E105: TARIIFA | F105: VALOR UNITARIO
E107: SUBTOTAL TRANSPORTES | F107: 0
D109: COSTO DIRECTO | F109: =ROUND(F98+F103,0) -> 24997
A111: DESCRIPCION | D111: ITEM | E111: UND. ITEM | F111: CANT. ITEM
A112: DESMONTE TUBERIA DESAGUE PVC-HF-XX D=2-4 | E112: M
A114: MATERIALES | B114: UNIDAD | C114: CANT. / M2 | D114: % DESPERD. | E114: PRECIO UNIT. | F114: VALOR UNITARIO
F115: =C115*E115 -> 0
F116: =C116*E116 -> 0
E118: SUBTOTAL MATERIALES | F118: =SUM(F115:F117) -> 0
A120: MANO DE OBRA | B120: JORNAL | C120: F.PREST. | D120: JORNAL+PS | E120: REND. M2 / DIA | F120: VR. UNIT
A121: M.O. 2 AYUDANTES | B121: 284356 | C121: 1.8 | D121: =B121 -> 284356 | E121: 32 | F121: =D121/E121 -> 8886.125
E124: SUBTOTAL MANO DE OBRA | F124: =SUM(F121:F123) -> 8886.125
A126: EQUIPO | B126: REF. | C126: UNIDAD | D126: CANTIDAD | E126: TARIIFA | F126: VALOR UNITARIO
A127: HERRAMIENTA MENOR | C127: GBL | D127: 0.07 | E127: 8886.12 | F127: =D127*E127 -> 622.0284
A128: PULIDORA CON PIEDRA O DISCO | C128: DIA | D128: 0.1 | E128: 37533 | F128: =D128*E128 -> 3753.3
E129: SUBTOTAL EQUIPO | F129: =SUM(F127:F128) -> 4375.3284
A131: TRANSPORTES | B131: Cantidad | C131: Distancia | D131: Cant. x Dist. | E131: TARIIFA | F131: VALOR UNITARIO
E133: SUBTOTAL TRANSPORTES | F133: 0
D135: COSTO DIRECTO | F135: =ROUND(F124+F129,0) -> 13261
A137: DESCRIPCION | D137: ITEM | E137: UND. ITEM | F137: CANT. ITEM
A138: CARGUE Y RETIRO MATERIAL VOLQUETA <= 10 KM. | E138: M3
A140: MATERIALES | B140: UNIDAD | C140: CANT. / M2 | D140: % DESPERD. | E140: PRECIO UNIT. | F140: VALOR UNITARIO
F141: =C141*E141 -> 0
F142: =C142*E142 -> 0
E144: SUBTOTAL MATERIALES | F144: =SUM(F141:F143) -> 0
A146: MANO DE OBRA | B146: JORNAL | C146: F.PREST. | D146: JORNAL+PS | E146: REND. M2 / DIA | F146: VR. UNIT
A147: M.O. 1 AYUDANTE | B147: 142178 | C147: 1.8 | D147: =B147 -> 142178 | E147: 30 | F147: =D147/E147 -> 4739.2667
E150: SUBTOTAL MANO DE OBRA | F150: =SUM(F147:F149) -> 4739.2667
A152: EQUIPO | B152: REF. | C152: UNIDAD | D152: CANTIDAD | E152: TARIIFA | F152: VALOR UNITARIO
A153: HERRAMIENTA MENOR | C153: GBL | D153: 0.05 | E153: 4739.26 | F153: =D153*E153 -> 236.963
A154: VOLQUETA O CAMION (ACARREO) | C154: M3 | D154: 1 | E154: 27641 | F154: =D154*E154 -> 27641
E155: SUBTOTAL EQUIPO | F155: =SUM(F153:F154) -> 27877.963
A157: TRANSPORTES | B157: Cantidad | C157: Distancia | D157: Cant. x Dist. | E157: TARIIFA | F157: VALOR UNITARIO
E159: SUBTOTAL TRANSPORTES | F159: 0
...

Sheet M.C.
A1: ALCALDÍA DE FLORIDA
A2: =PRESUPUESTO!A2 -> PROYECTO: ADECUACION DE BAÑOS EN CENTRO EDUCATIVO INTEGRAL DEL MUNICIPIO DE FLORIDA, VALLE DEL CAUCA.
A4: MEMORIA DE CANTIDADES
A6: CAPÍTULO: | B6: =PRESUPUESTO!B6 -> PRELIMINARES | E6: ÍTEM: | F6: =PRESUPUESTO!A7 -> 1.01 | G6: DESCRIPCIÓN: | H6: =PRESUPUESTO!B7 -> LOCALIZACION-REPLANTEO CERRAMIENTO-VARIO
A8: ELABORADO/CALCULADO POR:
A9: FECHA: | B9: =PRESUPUESTO!E4 -> 46302 | H9: UNIDAD: M2 | I9: =G23 -> 28.914
A10: DESCRIPCIÓN | C10: MEDIDAS | H10: REGISTRO GRAFICO
C11: L | D11: A | E11: H | F11: M2 | G11: TOTAL
A12: AREA A INTERVENIR | C12: 2.37 | D12: 12.2 | F12: =C12*D12 -> 28.914 | G12: =F12 -> 28.914
G13: =F13 -> 0
G14: =F14 -> 0
G15: =F15 -> 0
C23: TOTAL | G23: =SUM(G12:G22) -> 28.914
A24: OBSERVACIONES:
A28: Vo. Bo. Firma | G28: Vo Bo. Firma
A29: Nombre | B29: MAURICIO FERNANDEZ HERNANDEZ | G29: Nombre
A30: Cargo | B30: SECRETARIO DE PLANEACIÓN E INFRAESTRUCTURA | G30: Cargo
A32: MEMORIA DE CANTIDADES
A34: CAPÍTULO: | B34: =PRESUPUESTO!B6 -> PRELIMINARES | E34: ÍTEM: | F34: =PRESUPUESTO!A8 -> 1.02 | G34: DESCRIPCIÓN: | H34: =PRESUPUESTO!B8 -> DEMOLICION PISO ENCHAPE-BALDOSA+MORTERO
A36: ELABORADO/CALCULADO POR:
A37: FECHA: | B37: =B9 -> 46302 | H37: UNIDAD: M2 | I37: =G51 -> 19.671
A38: DESCRIPCIÓN | C38: MEDIDAS | H38: REGISTRO GRAFICO
C39: L | D39: A | E39: U | F39: M2 | G39: TOTAL
A40: AREA PISO | C40: 2.37 | D40: 8.3 | F40: =+C40*D40 -> 19.671 | G40: =F40 -> 19.671
C51: TOTAL | G51: =SUM(G40:G50) -> 19.671
A52: OBSERVACIONES:
A56: Vo. Bo. Firma | G56: Vo Bo. Firma
A57: Nombre | B57: MAURICIO FERNANDEZ HERNANDEZ | G57: Nombre
A58: Cargo | B58: SECRETARIO DE PLANEACIÓN E INFRAESTRUCTURA | G58: Cargo
A60: MEMORIA DE CANTIDADES
A62: CAPÍTULO: | B62: =PRESUPUESTO!B6 -> PRELIMINARES | E62: ÍTEM: | F62: =PRESUPUESTO!A9 -> 1.03 | G62: DESCRIPCIÓN: | H62: =PRESUPUESTO!B9 -> DESMONTE APARATO SANITARIO
A64: ELABORADO/CALCULADO POR:
A65: FECHA: | B65: =B37 -> 46302 | H65: UNIDAD: UND | I65: =G78 -> 10
A66: DESCRIPCIÓN | C66: MEDIDAS | H66: REGISTRO GRAFICO
C67: L | D67: A | E67: U | F67: U | G67: TOTAL
A68: SANITARIO MUJERES | F68: 3 | G68: =F68 -> 3
A69: SANITARIO HOMBRES | F69: 1 | G69: =F69 -> 1
A70: ORINALES | F70: 3 | G70: =F70 -> 3
A71: LAVAMANOS | F71: 2 | G71: =F71 -> 2
A72: LAVADERO | F72: 1 | G72: =F72 -> 1
C78: TOTAL | G78: =SUM(G68:G77) -> 10
A79: OBSERVACIONES:
A83: Vo. Bo. Firma | G83: Vo Bo. Firma
A84: Nombre | B84: MAURICIO FERNANDEZ HERNANDEZ | G84: Nombre
A85: Cargo | B85: SECRETARIO DE PLANEACIÓN E INFRAESTRUCTURA | G85: Cargo
A87: CAPÍTULO: | B87: =PRESUPUESTO!B6 -> PRELIMINARES | E87: ÍTEM: | F87: =PRESUPUESTO!A10 -> 1.04 | G87: DESCRIPCIÓN: | H87: =PRESUPUESTO!B10 -> DESMONTE CUBIERTA TEJA BARRO
A89: ELABORADO/CALCULADO POR:
A90: FECHA: | B90: 46266 | H90: UNIDAD: M2 | I90: =G101 -> 15.3
A91: DESCRIPCIÓN | C91: MEDIDAS | H91: REGISTRO GRAFICO
C92: L | D92: A | E92: U | F92: M2 | G92: TOTAL
A93: AREA CUBIERTA EXISTENTE | C93: 2.55 | D93: 6 | F93: =+C93*D93 -> 15.3 | G93: =F93 -> 15.3
C101: TOTAL | G101: =SUM(G93:G100) -> 15.3
A102: OBSERVACIONES:
A106: Vo. Bo. Firma | G106: Vo Bo. Firma
A107: Nombre | B107: MAURICIO FERNANDEZ HERNANDEZ | G107: Nombre
A108: Cargo | B108: SECRETARIO DE PLANEACIÓN E INFRAESTRUCTURA | G108: Cargo
A110: CAPÍTULO: | B110: =PRESUPUESTO!B6 -> PRELIMINARES | E110: ÍTEM: | F110: =PRESUPUESTO!A11 -> 1.05 | G110: DESCRIPCIÓN: | H110: =PRESUPUESTO!B11 -> DESMONTE TUBERIA DESAGUE PVC-HF-XX D=2-4
A112: ELABORADO/CALCULADO POR:
A113: FECHA: | B113: 46266 | H113: UNIDAD: M | I113: =G124 -> 15.2
A114: DESCRIPCIÓN | C114: MEDIDAS | H114: REGISTRO GRAFICO
C115: L | D115: A | E115: U | F115: M | G115: TOTAL
A116: TRAYECTO CAJA EXISTENTE | C116: 14 | F116: 15.2 | G116: =F116 -> 15.2
C124: TOTAL | G124: =SUM(G116:G123) -> 15.2
A125: OBSERVACIONES:
A129: Vo. Bo. Firma | G129: Vo Bo. Firma
A130: Nombre | B130: MAURICIO FERNANDEZ HERNANDEZ | G130: Nombre
A131: Cargo | B131: SECRETARIO DE PLANEACIÓN E INFRAESTRUCTURA | G131: Cargo
A133: CAPÍTULO: | B133: =PRESUPUESTO!B6 -> PRELIMINARES | E133: ÍTEM: | F133: =PRESUPUESTO!A12 -> 1.06 | G133: DESCRIPCIÓN: | H133: =PRESUPUESTO!B12 -> CARGUE Y RETIRO MATERIAL VOLQUETA <= 10 KM.
A135: ELABORADO/CALCULADO POR:
A136: FECHA: | B136: 46266 | H136: UNIDAD: M3 | I136: =G147 -> 1.86855
A137: DESCRIPCIÓN | C137: MEDIDAS | H137: REGISTRO GRAFICO
C138: L | D138: A | E138: H | F138: M3 | G138: TOTAL
A139: DEMOLICION DE PISOS | C139: 2.37 | D139: 8.3 | E139: 0.05 | F139: =+C139*D139*E139 -> 0.98355 | G139: =F139 -> 0.98355
A140: DESMONTE DE CUBIERTA | C140: 2.55 | D140: 6 | E140: 0.05 | F140: =+C140*D140*E140 -> 0.765 | G140: =F140 -> 0.765
A141: OTROS ESCOMBROS | C141: 2 | D141: 1.2 | E141: 0.05 | F141: =+C141*D141*E141 -> 0.12 | G141: =F141 -> 0.12
C147: TOTAL | G147: =SUM(G139:G146) -> 1.86855
A148: OBSERVACIONES:
A152: Vo. Bo. Firma | G152: Vo Bo. Firma
A153: Nombre | B153: MAURICIO FERNANDEZ HERNANDEZ | G153: Nombre
A154: Cargo | B154: SECRETARIO DE PLANEACIÓN E INFRAESTRUCTURA | G154: Cargo
A157: CAPÍTULO: | B157: =PRESUPUESTO!B14 -> INSTALACIONES SANITARIAS E HIDRAULICAS | E157: ÍTEM: | F157: =PRESUPUESTO!A15 -> 2.01 | G157: DESCRIPCIÓN: | H157: =PRESUPUESTO!B15 -> TUBERIA PVC 6" SANITARIA
A159: ELABORADO/CALCULADO POR:
A160: FECHA: | B160: =B65 -> 46302 | H160: UNIDAD: M | I160: =G174 -> 14
A161: DESCRIPCIÓN | C161: MEDIDAS | H161: REGISTRO GRAFICO
C162: L | D162: A | E162: U | F162: M | G162: TOTAL
A163: RED SANITARIA PRINCIPAL | C163: 14 | F163: =C163 -> 14 | G163: =F163 -> 14
G164: =+F164*8 -> 0
G165: =+F165*5 -> 0
C174: TOTAL | G174: =SUM(G163:G173) -> 14
A175: OBSERVACIONES:
A179: Vo. Bo. Firma | G179: Vo Bo. Firma
A180: Nombre | B180: MAURICIO FERNANDEZ HERNANDEZ | G180: Nombre
A181: Cargo | B181: SECRETARIO DE PLANEACIÓN E INFRAESTRUCTURA | G181: Cargo
A184: CAPÍTULO: | B184: =PRESUPUESTO!B14 -> INSTALACIONES SANITARIAS E HIDRAULICAS | E184: ÍTEM: | F184: =PRESUPUESTO!A16 -> 2.02 | G184: DESCRIPCIÓN: | H184: =PRESUPUESTO!B16 -> PUNTO SANITARIO PVC 4"
A186: ELABORADO/CALCULADO POR:
A187: FECHA: | B187: =B160 -> 46302 | H187: UNIDAD: PUNTO | I187: =G201 -> 4
A188: DESCRIPCIÓN | C188: MEDIDAS | H188: REGISTRO GRAFICO
C189: L | D189: A | E189: H | F189: P | G189: TOTAL
A190: SANITARIO MUJERES | F190: 2 | G190: =F190 -> 2
A191: SANITARIO PARA PERSONAS CON MOVILIDAD REDUCIDA | F191: 1 | G191: =F191 -> 1
...
